 Dungeon Sprint DCSS version 0.25-a0-663-gace7076f2c (webtiles) character file.

Game seed: 6233825756993666027, levelgen mode: deterministic

67 Findor the Insei (level 4, -2/46 HPs)
             Began as an Octopode Transmuter on Mar 25, 2020.
             Slain by a sky beast (5 damage)
             ... in the Dungeon (Sprint IX: "|||||||||||||||||||||||||||||").
             The game lasted 00:00:52 (71 turns).

Findor the Insei (Octopode Transmuter)                Turns: 71, Time: 00:00:53

Health: -2/46      AC:  1    Str: 10    XL:     4   Next: 18%
Magic:  4/9        EV: 14    Int: 15    God:
Gold:   0          SH:  0    Dex: 12    Spells: 9/10 levels left

rFire    . . .     SeeInvis .     - Unarmed
rCold    . . .     Gourm    .   (no shield)
rNeg     . . .     Faith    .   (helmet restricted)
rPois    .         Spirit   .   (no amulet)
rElec    .         Reflect  .   (no ring)
rCorr    .         Harm     .   (no ring)
MR       .....     NoTele   +   (no ring)
Stlth    ..........             (no ring)
HPRegen  0.15/turn              (no ring)
MPRegen  0.11/turn              (no ring)
                                (no ring)
                                (no ring)

@: berserking, appendage, very quick
A: almost no armour, stealthy swim, amphibious, 8 rings, constrict 8, tentacle
spike 3, camouflage 1, gelatinous body 1
a: End Transformation


You were in the Dungeon.
You were not hungry.
One of your tentacles had a temporary spike.
You visited 1 branch


Innate Abilities, Weirdness & Mutations

You cannot wear most types of armour.
You are very stealthy in the water. (Stealth+)
You are amphibious.
You can wear up to eight rings at the same time.
You can use your tentacles to constrict eight enemies at once.
Your skin changes colour to match your surroundings (Stealth+).
Your rubbery body absorbs attacks. (AC +1, EV +1)
One of your tentacles bears a large vicious spike.


   Skills:
 + Level 3.0 Fighting
 + Level 3.6 Dodging
 * Level 5.4 Unarmed Combat
 + Level 3.5 Spellcasting
 + Level 3.7 Transmutations


You had 9 spell levels left.
You knew the following spells:

 Your Spells              Type           Power        Failure   Level  Hunger
a - Beastly Appendage     Tmut           ##....       4%          1    None

Your spell library contained the following spells:

 Spells                   Type           Power        Failure   Level  Hunger
 Sticks to Snakes         Tmut           ##......     6%          2    ##.....
 Spider Form              Tmut/Pois      #.........   26%         3    ###....
 Ice Form                 Ice/Tmut       #.......     65%         4    ####...
 Blade Hands              Tmut           ##........   75%         5    ######.

Inventory:

Missiles
 a - 12 arrows
Scrolls
 i - a scroll of blinking
Potions
 d - a potion of curing {@q1}
 f - a potion of haste {@q3}
 g - 2 potions of magic
Comestibles
 b - 5 chunks of flesh
 c - a ration


Message History

Unknown command.
You aren't carrying any items that you can evoke.
Okay, then.
You feel much better. The hound bites you.
The sky beast flickers out of sight!
Deactivating autopickup; reactivate with Ctrl-A.
The hound bites you.
Okay, then.
Casting: Beastly Appendage (safe; 7% risk of failure)
You extend your transformation's duration.
A sky beast appears from thin air!
Reactivating autopickup.
The hound barely misses you.
A red film seems to cover your vision as you go berserk!
You feel yourself moving faster!
You feel mighty! The hound completely misses you. The hound bites you.
* * * LOW HITPOINT WARNING * * *
You barely miss the hound. You grab the hound.
You pierce the hound!
You kill the hound!
Your Fighting skill increases to level 2!
Your Dodging skill increases to level 3!
Your Unarmed Combat skill increases to level 4!
Your Spellcasting skill increases to level 3!
Your Transmutations skill increases to level 3!
You have reached level 3!
Your experience leads to an increase in your attributes!
Increase (S)trength, (I)ntelligence, or (D)exterity?
You feel stronger.
Unknown command.
The hound barely misses you.
The sky beast flickers out of sight!
Deactivating autopickup; reactivate with Ctrl-A.
The hound bites you.
* * * LOW HITPOINT WARNING * * *
You see here a hound corpse.
You tentacle-slap the hound. Your grab misses the hound.
You bludgeon the hound! Your grab misses the hound.
You pierce the hound.
You kill the hound!
Your Fighting skill increases to level 3!
Your Unarmed Combat skill increases to level 5!
You have reached level 4!
Unknown command.
You miss something. Your squeeze misses something. You bludgeon something!
Your tentacle spike misses something.
Something hits you.
* * * LOW HITPOINT WARNING * * *
Something shocks you.
* * * LOW HITPOINT WARNING * * *
You miss something.
Your tentacle spike misses something.
Something hits you.
* * * LOW HITPOINT WARNING * * *
Something shocks you.
You die... ▓▓▓▓▓▓▓▓▓▓▓▓▓▓▓▓▓▓ ▓<...')....'@{h..+ ▓▓▓▓▓▓▓▓▓▓▓▓▓▓▓▓▓▓

You could see a hound.

Vanquished Creatures
  2 hounds (D)
  An adder skeleton (D)
  A leopard gecko (D)
  A bat (D)
  3 goblins (D)
8 creatures vanquished.

Vanquished Creatures (others)
  A spatial maelstrom (D)
1 creature vanquished.

Grand Total: 9 creatures vanquished

Notes
Turn   | Place    | Note
-------+----------+-------------------------------------------
     0 | D        | Findor the Octopode Transmuter began the quest for the Orb.
     0 | D        | Reached XP level 1. HP: 13/13 MP: 3/3
     7 | D        | Banished a spatial maelstrom
    24 | D        | Reached XP level 2. HP: 16/18 MP: 3/5
    55 | D        | Noticed a sky beast
    65 | D        | Reached skill level 3 in Dodging
    65 | D        | Reached skill level 4 in Unarmed Combat
    65 | D        | Reached skill level 3 in Spellcasting
    65 | D        | Reached skill level 3 in Transmutations
    65 | D        | Reached XP level 3. HP: 15/25 MP: 3/7
    68 | D        | Reached skill level 3 in Fighting
    68 | D        | Reached skill level 5 in Unarmed Combat
    68 | D        | Reached XP level 4. HP: 14/31 MP: 4/9
    70 | D        | HP: 6/46 [something (5)]
    71 | D        | Slain by a sky beast

Levels and vault maps discovered:
D:        linesprint [early_d, line_temple, items_1, d_10, items_2, lair_1,
          lair_end, items_3, orc_1, orc_end, items_4, d_15, swamp_1, shoals_1,
          snake_1, spider_1, d_20, vaults_1, items_5, swamp_end, shoals_end,
          snake_end, spider_end, vaults_end, d_27, items_6, zot_1, zot_end,
          crypt_end, forest_end, elf_end, slime_end, tomb_end, abyss_end,
          pan_hell_end]

Action                   |  1- 3 |  4- 6 || total
-------------------------+-------+-------++-------
Melee: Unarmed           |    26 |     3 ||    29
       Constrict         |     7 |       ||     7
       Tentacles         |     2 |       ||     2
       Kick              |     4 |       ||     4
 Cast: Beastly Appendage |     4 |       ||     4
  Use: Potion            |     2 |       ||     2
Armor: Skin              |     1 |       ||     1
Dodge: Dodged            |    23 |       ||    23
